 Dungeon Crawl Stone Soup version 0.22-a0-580-gd5db89c (webtiles) character file.

604 wellist the Skirmisher (level 7, 0/64 HPs)
             Began as a Hill Orc Fighter on July 3, 2018.
             Was a Follower of Beogh.
             Slain by an orc warrior
             ... wielding a +0 trident
              (11 damage)
             ... on level 4 of the Dungeon.
             The game lasted 00:18:17 (3901 turns).

wellist the Skirmisher (Hill Orc Fighter)           Turns: 3901, Time: 00:18:17

Health: 0/64       AC: 10    Str: 19    XL:     7   Next: 42%
Magic:  7/7        EV:  7    Int:  8    God:    Beogh [*.....]
Gold:   207        SH:  9    Dex: 12    Spells: 6/6 levels left

rFire    . . .     SeeInvis .   a - +0 war axe
rCold    . . .     Gourm    .   c - +0 shield
rNeg     . . .     Faith    .   b - +0 scale mail
rPois    .         Spirit   .   w - +0 helmet
rElec    .         Reflect  .   q - +0 cloak
rCorr    .         Harm     .   (no gloves)
MR       .....                  A - +0 pair of boots (curse)
Stlth    ..........             (no amulet)
HPRegen  0.20/turn              (no ring)
MPRegen  0.10/turn              (no ring)

@: no status effects
A: no striking features
a: Renounce Religion


You were on level 4 of the Dungeon.
You worshipped Beogh.
Beogh was aware of your devotion.
You were not hungry.

You visited 1 branch of the dungeon, and saw 4 of its levels.
You also visited: Sewer.

You collected 207 gold pieces.

Inventory:

Hand Weapons
 a - a +0 war axe (weapon)
Armour
 b - a +0 scale mail (worn)
 c - a +0 shield (worn)
 q - a +0 cloak (worn)
 w - a +0 helmet (worn)
 A - a cursed +0 pair of boots (worn)
Jewellery
 p - a +4 ring of strength {unknown}
 r - an uncursed ring of stealth {unknown}
Wands
 y - a wand of iceblast (5)
Scrolls
 e - 2 scrolls of remove curse {unknown}
 i - 6 scrolls of identify {unknown}
 j - a scroll of amnesia {unknown}
 l - 5 scrolls of teleportation {unknown}
 m - 5 scrolls of blinking {unknown}
 o - a scroll of fog {unknown}
 t - a scroll of fear {unknown}
 u - 2 scrolls of magic mapping {unknown}
Potions
 d - 4 potions of might
 g - a potion of haste {unknown}
 h - 3 potions of curing {unknown}
 n - 2 potions of heal wounds {unknown}
 s - a potion of ambrosia {unknown}
 v - 2 potions of cancellation {unknown}
 x - 2 potions of brilliance {unknown}
Comestibles
 f - 8 rations
 k - 5 chunks of flesh


   Skills:
 * Level 6.5 Fighting
 * Level 6.3 Axes
 + Level 4.8 Armour
 + Level 4.7 Shields


You had 6 spell levels left.
You didn't know any spells.
Your spell library was empty.

Dungeon Overview and Level Annotations

Branches:
Dungeon (4/15)
 Temple: D:4-7

Altars:


Message History

The orc priest mumbles some strange prayers to Beogh against you.
Pain shoots through your body!
* * * LOW HITPOINT WARNING * * *
The orc wizard mumbles some strange words.
The orc wizard blinks!
You slash the orc warrior!
The orc warrior is moderately wounded.
You hit the orc priest but do no damage.
The orc warrior closely misses you.
The orc priest hits you but does no damage.
You barely miss the orc warrior.
The orc warrior is moderately wounded.
You hit the orc priest.
The orc warrior hits you with a trident.
* * * LOW HITPOINT WARNING * * *
The orc priest hits you but does no damage.
You block the orc priest's attack.
The orc warrior hits you with a trident!
You die...
Beogh appreciates the orc warrior's killing of a heretic priest.

#.#.#............#
#.#.#............#
#.#.#............# .
#.#.#............#
....##.#.#............#
..o.o......).(.########
oo..##.#o####### .
#.#o####### #.#o@.....+
#.######### #. .. ##


You could see an orc warrior, an orc priest and an orc.

Vanquished Creatures
  Grinder (D:3)
  2 hounds (D:4)
  Terence (D:3)
  Robin (D:3)
  3 gnolls (D:4)
  A river rat (D:3)
  14 adders
  2 oozes
  3 worms
  A dart slug (D:1)
  A leopard gecko (D:1)
  9 orcs
  9 bats
  3 giant cockroaches
  14 goblins
  10 hobgoblins
  7 jackals (Sewer)
  15 kobolds
  5 ball pythons
  8 frilled lizards
  10 rats
  7 plants (Sewer)
127 creatures vanquished.

Vanquished Creatures (others)
  A dart slug (D:3)
  An orc (D:3)
  A bat (D:3)
  A rat (D:3)
  A plant (Sewer)
5 creatures vanquished.

Grand Total: 132 creatures vanquished

Notes
Turn   | Place    | Note
-------+----------+-------------------------------------------
     0 | D:1      | wellist the Hill Orc Fighter began the quest for the Orb.
     0 | D:1      | Reached XP level 1. HP: 19/19 MP: 1/1
    79 | D:1      | Reached XP level 2. HP: 27/27 MP: 2/2
   385 | D:1      | Reached XP level 3. HP: 33/33 MP: 3/3
  1024 | D:2      | Found a faded altar of an unknown god.
  1431 | D:2      | Reached XP level 4. HP: 41/41 MP: 4/4
  1798 | D:3      | Noticed Robin
  1822 | D:3      | Killed Robin
  1927 | D:3      | Became a worshipper of Beogh the Brigand
  1986 | D:3      | Reached XP level 5. HP: 21/47 MP: 5/5
  1995 | D:3      | Found a glowing drain.
  1999 | Sewer    | Entered a sewer
  2623 | Sewer    | Reached skill level 5 in Fighting
  3132 | D:3      | Reached * piety under Beogh
  3171 | D:3      | Reached skill level 5 in Axes
  3204 | D:3      | Reached XP level 6. HP: 56/56 MP: 6/6
  3442 | D:3      | Noticed Grinder
  3464 | D:3      | Killed Grinder
  3464 | D:3      | Reached XP level 7. HP: 55/63 MP: 7/7
  3642 | D:3      | Noticed Terence
  3657 | D:3      | Killed Terence
  3901 | D:4      | Slain by an orc warrior

Vault maps used:
D:1:      lightli_arrival_flooded_house
D:2:      chequers_ecumenical_altar_island
D:3:      gup_sewer_entry_bowl, uniq_terence, uniq_grinder, uniq_robin
D:4:      first_ration, uniq_menkaure, uniq_sigmund
Sewer:    sewer_co_scattered_pipes

Skill      XL: |  1  2  3  4  5  6 |
---------------+-------------------+-----
Axes           | 3 4 5 6 |  6.3
Fighting       | 4 5 6 |  6.5
Armour         | 4 |  4.8
Shields        | 4 |  4.7

Action                   |  1- 3 |  4- 6 |  7- 9 || total
-------------------------+-------+-------+-------++-------
Melee: War axe           |   146 |   376 |    70 ||   592
Invok: Convert to Beogh  |       |     1 |       ||     1
  Eat: Chunk             |     2 |     8 |     2 ||    12
Armor: Scale mail        |    99 |   112 |    37 ||   248
Dodge: Dodged            |    61 |    85 |    19 ||   165
Block: Shield            |   107 |   137 |    36 ||   280

Table legend:
 A = Spawn XP
 B = Non-spawn XP
 C = Spawn XP percentage of total XP
 D = Spawn monster count
 E = Non-spawn monster count
 F = Spawn count percentage of total count
 G = Total turns spent on level
                    A         B        C        D         E        F      G
               +---------+---------+-------+---------+---------+-------+---------
         Total |       0 |     863 |   0.0 |       0 |     120 |   0.0 |  3901
               +---------+---------+-------+---------+---------+-------+---------
           D:1 |       0 |      48 |   0.0 |       0 |      26 |   0.0 |   767
           D:2 |       0 |      67 |   0.0 |       0 |      24 |   0.0 |  1038
           D:3 |       0 |     482 |   0.0 |       0 |      34 |   0.0 |   811
           D:4 |       0 |     158 |   0.0 |       0 |      13 |   0.0 |   194
         Sewer |       0 |     108 |   0.0 |       0 |      23 |   0.0 |  1091
               +---------+---------+-------+---------+---------+-------+---------
